 Dungeon Crawl Stone Soup version 0.29.1-1-gd02db6906a (webtiles) character file.

Game seed: 4549512911683792918

7 pyryhyry the Charlatan (level 2, -1/23 HPs)
             Began as a Meteoran Artificer on Oct 19, 2022.
             Slain by a goblin
             ... wielding a +0 club
              (2 damage)
             ... on level 1 of the Dungeon.
             The game lasted 00:00:41 (53 turns).

pyryhyry the Charlatan (Meteoran Artificer)           Turns: 53, Time: 00:00:42

Health: -1/23      AC:  3    Str: 13    XL:     2   Next: 17%
Magic:  3/3        EV: 11    Int: 12    God:
Gold:   0          SH:  0    Dex: 14    Spells: 1/1 levels left

rFire   . . .      SeeInvis .   a - +0 club
rCold   . . .      Faith    .   (no shield)
rNeg    . . .      Spirit   .   b - +0 leather armour
rPois   .          Reflect  .   (no helmet)
rElec   .          Harm     .   (no cloak)
rCorr   .          Rampage  .   (no gloves)
Will    .....                   (no boots)
Stlth   +.........              (no amulet)
HPRegen 0.07/turn               (no ring)
MPRegen 0.08/turn               (no ring)

@: glowing
A: sense surroundings 1, otherworldly, glowing, explore regen
a: no special abilities


You were on level 1 of the Dungeon.
You visited 1 branch of the dungeon, and saw 1 of its levels.

Inventory:

Hand Weapons
 a - a +0 club (weapon)
Armour
 b - a +0 leather armour (worn)
Wands
 c - a wand of flame (15) (quivered)
 d - a wand of charming (15)
 e - a wand of iceblast (5)
Scrolls
 f - a scroll of poison {unknown}


   Skills:
 + Level 1.2 Fighting
 * Level 1.0 Maces & Flails
 - Level 2.4 Armour
 + Level 1.4 Dodging
 + Level 0.7 Stealth
 + Level 0.4 Spellcasting
 + Level 3.7 Evocations


You had one spell level left.
You didn't know any spells.
Your spell library was empty.

Dungeon Overview and Level Annotations

Branches:
Dungeon (1/15) Zot: 540

Altars:


Innate Abilities, Weirdness & Mutations

You passively map a small area around you.
You are easily found by Zot.
You glow in the dark.
You regain HP and MP as you explore.


Message History

You barely miss the ball python. The ball python bites you.
The ball python misses you. The ball python bites you.
The ball python barely misses you.
You completely miss the ball python. The ball python barely misses you. x2
You barely miss the ball python. You punch the ball python.
You kill the ball python!
You see here a ball python corpse.
A rat comes into view.
A goblin comes into view. It is wielding a +0 club.
The goblin shouts!
A rat comes into view.
The rat bites you but does no damage.
A hobgoblin comes into view.
The hobgoblin shouts!
You hit the rat.
You kill the rat!
You have reached level 2!
The rat bites you.
You hit the rat.
You kill the rat!
You hit the hobgoblin.
The hobgoblin is lightly wounded.
The goblin hits you with a +0 club. The hobgoblin hits you.
You hit the hobgoblin but do no damage.
The hobgoblin is lightly wounded.
The goblin barely misses you. The hobgoblin misses you.
You hit the hobgoblin but do no damage.
The hobgoblin is lightly wounded.
The goblin closely misses you. The hobgoblin hits you.
The goblin hits you with a +0 club. The hobgoblin hits you.
* * * LOW HITPOINT WARNING * * *
You hit the hobgoblin.
You kill the hobgoblin!
The goblin hits you but does no damage.
Your Maces & Flails skill increases to level 1!
You barely miss the goblin. The goblin hits you but does no damage.
You barely miss the goblin. The goblin hits you with a +0 club.
* * * LOW HITPOINT WARNING * * *
The goblin hits you with a +0 club.
You die...

.......###### *
##.#.)....... * * ,
#..#...####* ##, . *
##.##..#.###*,*##. .. ,
...........# #.. ##.# *
##.##†)#.#.# ##.##...
#..#...##.# , ..#..#
##.#...###.#*###g†.#
.......###.###..@# *, ,
* ##.##....†.......#* ,
, , .............(....#
##############........,
#.....### #######


You could see a goblin.

Vanquished Creatures
  A ball python (D:1)
  A goblin (D:1)
  A hobgoblin (D:1)
  A bat (D:1)
  A frilled lizard (D:1)
  2 rats (D:1)
7 creatures vanquished.

Notes
Turn   | Place    | Note
-------+----------+-------------------------------------------
     0 | D:1      | pyryhyry the Meteoran Artificer began the quest for the
                  | Orb.
     0 | D:1      | Reached XP level 1. HP: 16/16 MP: 2/2
    46 | D:1      | Reached XP level 2. HP: 20/23 MP: 3/3
    52 | D:1      | Reached skill level 1 in Maces & Flails
    53 | D:1      | HP: 1/23 [goblin/+0 club (4)]
    53 | D:1      | Slain by a goblin

Illustrated notes

Levels and vault maps discovered:
D:1:      dpeg_arrival_orchard, layout_loops_ring,
          ebering_ecumenical_altar_ruins, minmay_box_of_dots

Skill      XL: |  1  2 |
---------------+-------+-----
Maces & Flails | 1 |  1.0
Fighting       | |  1.2
Armour         | |  2.4
Dodging        | |  1.4
Stealth        | |  0.7
Spellcasting   | |  0.4
Evocations     | |  3.7

Action                   || total
-------------------------++-------
Melee: Club              ||    18
       Punch             ||     1
Armor: Leather armour    ||     8
Dodge: Dodged            ||    12
